Map: Torres Crepusculares

Players

Cham

  • Race: Zerg Zerg
  • League: Grandmaster

Kelazhur - Winner!

  • Race: Terran Terran
  • League: Grandmaster

Event: Copa America 2016 Season 1

VOD

Have the link to the VOD?

Description

Time

  • Played on: Feb. 17, 2016, 4:39 p.m.
  • Length: 10:05

All games in this series

Show
View Real Time Build Order
Export as new Build Order

Cham Zerg 

Build Orders: Hatch First 

Get SALT Encoding   

  12  0:01  Drone  
  13  0:08  Drone  
  14  0:17  Overlord  
  14  0:36  Drone x3  
  17  0:54  Hatchery  
  16  0:58  Drone  
  16  1:00  Drone  
  18  1:14  Spawning Pool  
  18  1:18  Drone  
  18  1:20  Drone  
  19  1:30  Drone  
  20  1:40  Drone  
  21  1:47  Hatchery  
  20  2:03  Zergling x4  
  20  2:05  Queen  
  20  2:07  Overlord  
  24  2:16  Queen  
  24  2:19  Drone  
  27  2:24  Overlord  
  27  2:29  Drone  
  27  2:41  Spore Crawler  
  27  2:45  Drone x3  
  29  2:52  Queen  
  29  2:57  Drone x3  
  34  3:00  Extractor  
  34  3:02  Extractor  
  34  3:05  Overlord  
  32  3:08  Drone x2  
  32  3:10  Overlord  
  34  3:13  Drone  
  35  3:22  Roach Warren  
  35  3:24  Drone x2  
  35  3:26  Drone  
  37  3:28  Overlord  
  37  3:32  Drone  
  38  3:35  Drone  
  38  3:38  Extractor  
  38  3:43  Drone x2  
  38  3:45  Overlord  
  40  3:54  Overlord  
  40  3:58  Drone x2  
  40  4:02  Roach x2  
  46  4:05  Roach  
  46  4:08  Drone  
  49  4:10  Drone  
  49  4:14  Overlord  
  50  4:21  Roach x2  
  50  4:23  Roach  
  56  4:27  Ravager x3  
  56  4:29  Drone  
  60  4:43  Drone  
  60  4:45  Drone x2  
  61  4:46  Drone x3  
  61  4:51  Drone  
  65  4:53  Drone x3  
  65  4:59  Overlord  
  68  5:02  Drone x3  
  68  5:04  Drone  
  68  5:05  Drone  
  73  5:09  Overlord  
  73  5:17  Overlord  
  73  5:19  Drone x3  
  76  5:21  Lair  
  76  5:34  Drone x2  
  76  5:35  Overlord  
  78  5:36  Drone  
  78  5:37  Drone  
  78  5:39  Drone  
  78  5:42  Evolution Chamber  
  77  5:51  Drone x3  
  77  5:53  Drone x3  
  74  5:57  Drone x3  
  74  5:58  Drone x3  
  74  6:00  Drone x2  
  82  6:04  Drone  
  82  6:05  Drone x2  
  82  6:09  Drone  
  82  6:10  Evolution Chamber  
  82  6:11  Evolution Chamber  
  84  6:16  Overlord  
  84  6:17  Drone x2  
  86  6:18  Drone  
  86  6:22  Glial Reconstitution  
  86  6:23  Overlord, Extractor x2  
  85  6:29  Drone x4  
  85  6:31  Extractor  
  85  6:32  Overlord  
  88  6:33  Drone x3  
  88  6:38  Roach x3  
  97  6:41  Overlord  
  97  6:42  Overlord  
  97  6:49  Zerg Ground Armor Level 1  
  97  6:50  Zerg Missile Weapons Level 1  
  97  6:55  Overlord  
  97  6:59  Roach  
  97  7:00  Roach x5  
  108  7:05  Queen  
  108  7:06  Roach x3  
  108  7:07  Overlord  
  110  7:14  Hatchery, Pneumatized Carapace  
  109  7:17  Ravager x3  
  109  7:18  Overlord  
  109  7:22  Roach x2  
  116  7:28  Roach x5  
  119  7:30  Roach  
  121  7:39  Overlord  
  121  7:43  Hatchery  
  121  7:45  Roach x2  
  121  7:49  Overlord  
  122  7:52  Hatchery  
  122  7:55  Drone  
  122  7:56  Overlord  
  122  8:01  Drone x2  
  122  8:02  Drone x2  
  122  8:04  Drone x2  
  122  8:05  Drone  
  129  8:08  Roach x2  
  129  8:11  Overlord  
  133  8:16  Ravager x6  
  133  8:17  Roach x2  
  143  8:22  Burrow  
  143  8:24  Drone  
  143  8:25  Spore Crawler  
  143  8:26  Drone x2, Spore Crawler  
  143  8:27  Spore Crawler  
  128  8:35  Roach x2  
  114  8:44  Roach x2  
  114  8:46  Roach x6  
  116  8:53  Drone x5  
  116  8:54  Drone  
  122  9:03  Drone  
  122  9:04  Drone  
  122  9:05  Drone x2  
  122  9:08  Drone x2  
  128  9:13  Drone  
  128  9:14  Spore Crawler  
  128  9:15  Drone, Spore Crawler  
  128  9:16  Drone  
  129  9:22  Spore Crawler  
  129  9:23  Roach x3  
  134  9:25  Ravager x2  
  134  9:30  Roach x3  
  142  9:36  Roach x2  
  142  9:37  Roach  
  137  9:41  Roach x2  
  137  9:42  Roach  
  137  9:43  Roach x2  
Show
View Real Time Build Order
Export as new Build Order

Kelazhur Terran - Winner!

Build Orders: Reaper Expand, MMM Bio 

Get SALT Encoding   

  12  0:01  SCV  
  13  0:13  SCV  
  14  0:17  Supply Depot  
  14  0:25  SCV  
  15  0:39  SCV  
  15  0:40  Barracks  
  16  0:43  Refinery  
  16  0:51  SCV  
  17  1:03  SCV  
  18  1:15  SCV  
  19  1:26  Reaper  
  19  1:27  Orbital Command  
  20  1:39  Command Center  
  20  1:50  Supply Depot  
  20  1:53  SCV  
  21  1:59  Barracks Reactor  
  21  2:05  SCV  
  22  2:17  SCV  
  22  2:21  Factory  
  23  2:31  SCV  
  23  2:35  Marine x2  
  26  2:44  Command Center  
  26  2:45  SCV  
  27  2:52  Orbital Command  
  27  2:53  Marine x2  
  27  2:57  SCV  
  30  3:09  Starport  
  30  3:16  SCV  
  30  3:18  SCV  
  30  3:19  Refinery  
  32  3:21  Hellion  
  32  3:22  Hellion  
  32  3:26  Marine  
  37  3:28  SCV  
  37  3:30  SCV  
  39  3:40  SCV  
  40  3:42  Hellion  
  40  3:43  SCV  
  40  3:44  Hellion, Marine  
  46  3:55  Medivac  
  46  3:56  SCV  
  46  3:57  Orbital Command  
  46  3:59  SCV  
  46  4:02  Marine  
  51  4:04  Hellion  
  51  4:05  Hellion  
  51  4:08  Supply Depot  
  55  4:10  SCV  
  55  4:11  SCV  
  57  4:22  SCV  
  58  4:28  SCV  
  58  4:29  Hellion  
  58  4:30  Supply Depot, Hellion  
  63  4:33  SCV  
  64  4:41  SCV  
  64  4:43  SCV  
  57  4:54  Viking, Barracks Tech Lab  
  57  4:56  SCV  
  57  4:57  Barracks  
  57  4:59  Barracks, SCV  
  61  5:00  Factory Reactor  
  61  5:03  Refinery x2  
  61  5:04  SCV  
  61  5:06  Engineering Bay  
  62  5:07  Engineering Bay  
  62  5:08  SCV  
  62  5:12  Marine  
  62  5:13  Stimpack  
  64  5:15  SCV  
  64  5:16  SCV  
  64  5:20  SCV  
  67  5:27  SCV  
  67  5:28  SCV  
  69  5:30  Marine  
  69  5:32  SCV, Starport Reactor  
  69  5:34  Barracks x2  
  71  5:39  Supply Depot, SCV  
  71  5:40  SCV  
  71  5:44  SCV  
  71  5:51  SCV  
  71  5:52  SCV  
  71  5:56  SCV  
  66  5:57  Marine x2  
  66  6:01  Orbital Command  
  66  6:02  Terran Infantry Weapons Level 1, Terran Infantry Armor Level 1  
  66  6:03  SCV  
  66  6:04  Factory Tech Lab  
  69  6:09  SCV, Marine x2  
  69  6:10  Marauder, Medivac x2  
  78  6:15  SCV  
  78  6:16  Marine x2  
  81  6:21  SCV  
  81  6:25  Barracks Reactor x2  
  82  6:26  Siege Tank  
  82  6:31  Supply Depot  
  82  6:32  Supply Depot  
  85  6:33  Refinery, Marauder, SCV x3, Marine x2  
  85  6:34  Marine  
  93  6:42  Supply Depot  
  93  6:52  Medivac x2, Marine  
  93  6:53  SCV x2  
  100  6:57  Marine  
  100  6:58  Supply Depot, Marine x3  
  100  7:00  Armory, Supply Depot  
  104  7:02  SCV  
  104  7:06  Supply Depot  
  104  7:08  Marine x4  
  107  7:11  Siege Tank, SCV  
  107  7:12  Supply Depot  
  107  7:14  SCV, Combat Shields  
  107  7:15  Marine  
  115  7:16  Marauder  
  115  7:19  Marine x3  
  120  7:26  Marine  
  120  7:28  Marine  
  120  7:29  Marine x2  
  123  7:30  SCV  
  123  7:32  Marine  
  125  7:37  Marauder, SCV x2  
  125  7:38  Barracks  
  125  7:40  Barracks  
  125  7:41  Barracks  
  125  7:42  Supply Depot, SCV  
  129  7:47  Marine  
  130  7:51  Marine  
  130  7:52  Marine x6  
  130  7:57  Siege Tank  
  140  7:59  Marauder  
  140  8:00  Supply Depot  
  142  8:12  Marine  
  142  8:13  Marine x3  
  142  8:14  Marine  
  142  8:18  Marine x3  
  150  8:20  Marine  
  151  8:29  Siege Tank  
  151  8:30  Marine x4  
  151  8:32  Marine  
  151  8:33  Concussive Shells  
  158  8:38  Marauder  
  158  8:39  Marine x3  
  148  8:48  Marine x4  
  136  8:49  Barracks Tech Lab x2  
  136  8:50  Marine  
  136  8:51  Barracks Reactor, Liberator  
  136  8:54  Medivac  
  143  8:57  Command Center, Marine  
  143  9:00  Supply Depot  
  143  9:01  Siege Tank, Marine x2  
  143  9:02  Refinery, Marauder  
  151  9:06  Marine x2  
  156  9:11  Supply Depot  
  156  9:15  Marauder, Marine  
  159  9:20  Marine  
  159  9:21  Marauder  
  159  9:23  Marine  
  159  9:24  Medivac, Marine x3  
  168  9:37  Marine  
  168  9:38  Marauder x2, Marine x5  
  169  9:41  Marine  
Tags
 
Add a new tag
Caveats
  • Supply blocks, unpowered buildings, or Contaminate may cause inaccurate times.
  • Supply counts are checked every 10 seconds.